[ AOE2 MATCH · #463551125 ]
1v1 RMHuns vs Burmese
Player's team · WIN
Rival team · LOSS
[ REPLAY ANALYSIS · EXTRACTED FROM THE RECORDED GAME ]
Feudal
9:04
Castle
—
Imperial
—
| APM avg | 74.1 |
| APM peak | 100 |
| eAPM avg | 26.3 |
| Villagers / military | 50 / 19 |
Focus
⚔️ 31.2% · 🌾 68.8%
Skirmisher ×11 · Scout Cavalry ×7 · Spearman ×1
Feudal
9:57
Castle
—
Imperial
—
| APM avg | 52.9 |
| APM peak | 90 |
| eAPM avg | 26.0 |
| Villagers / military | 36 / 25 |
Focus
⚔️ 18.4% · 🌾 81.6%
Archer ×17 · Militia ×4 · Spearman ×4
Match map
Initial resources + every placement click. Lines = walls · curves = elevation contours. ◆ gold · ⬟ stone · ● berries · ✦ relic · ◌ wall gap
Inputs per minute
— Rayyo50 - - B1SH0P
Build order — Rayyo50
124 actions detected in the replay
| 0:00 | Create | Villager (Male) |
| 0:00 | Create | Villager (Male) |
| 0:01 | Create | Villager (Male) |
| 0:01 | Create | Villager (Male) |
| 1:21 | Create | Villager (Male) |
| 1:48 | Create | Villager (Male) |
| 1:59 | Build | Lumber Camp |
| 2:10 | Create | Villager (Male) |
| 2:35 | Build | Lumber Camp |
| 2:43 | Create | Villager (Male) |
| 2:58 | Create | Villager (Male) |
| 3:24 | Create | Villager (Male) |
| 3:56 | Create | Villager (Male) |
| 4:26 | Create | Villager (Male) |
| 4:58 | Build | Mill |
| 5:08 | Create | Villager (Male) |
| 5:08 | Create | Villager (Male) |
| 5:13 | Create | Villager (Male) |
| 5:42 | Create | Villager (Male) |
| 6:02 | Research | Loom |
| 6:19 | Create | Villager (Male) |
| 6:54 | Research | Feudal Age |
| 7:47 | Build | Barracks |
| 9:04 | Age | Feudal Age |
| 9:05 | Build | Stable |
| 9:07 | Create | Villager (Male) |
| 9:10 | Research | Double-Bit Axe |
| 9:15 | Create | Villager (Male) |
| 9:30 | Research | Horse Collar |
| 9:32 | Create | Villager (Male) |
| 9:41 | Create | Villager (Male) |
| 9:47 | Create | Scout Cavalry |
| 9:47 | Create | Scout Cavalry |
| 9:53 | Create | Spearman |
| 10:00 | Create | Villager (Male) |
| 10:14 | Build | Mill |
| 10:16 | Create | Villager (Male) |
| 10:18 | Create | Villager (Male) |
| 10:18 | Create | Villager (Male) |
| 10:24 | Build | Palisade Wall |
| 10:25 | Build | Palisade Wall |
| 10:26 | Build | Palisade Wall |
| 10:27 | Build | Palisade Wall |
| 10:29 | Build | Palisade Wall |
| 10:30 | Build | Palisade Wall |
| 10:31 | Build | Palisade Wall |
| 10:42 | Create | Scout Cavalry |
| 10:43 | Create | Villager (Male) |
| 10:46 | Build | Palisade Wall |
| 10:47 | Build | Palisade Wall |
| 10:48 | Build | Palisade Wall |
| 10:49 | Build | Palisade Wall |
| 10:51 | Build | Palisade Wall |
| 11:01 | Create | Villager (Male) |
| 11:06 | Build | Farm |
| 11:07 | Build | Farm |
| 11:08 | Create | Villager (Male) |
| 11:22 | Create | Villager (Male) |
| 11:28 | Build | Palisade Wall |
| 11:31 | Build | Farm |
| 11:32 | Create | Villager (Male) |
| 11:35 | Build | Farm |
| 11:57 | Build | Farm |
| 12:02 | Create | Villager (Male) |
| 12:04 | Create | Scout Cavalry |
| 12:08 | Create | Villager (Male) |
| 12:10 | Create | Villager (Male) |
| 12:25 | Build | Farm |
| 12:27 | Build | Farm |
| 12:29 | Create | Villager (Male) |
| 12:39 | Create | Villager (Male) |
| 12:46 | Create | Villager (Male) |
| 12:47 | Build | Farm |
| 12:49 | Build | Farm |
| 12:56 | Create | Scout Cavalry |
| 12:56 | Create | Scout Cavalry |
| 13:05 | Build | Farm |
| 13:05 | Build | Farm |
| 13:14 | Create | Villager (Male) |
| 13:25 | Build | Palisade Wall |
| 13:26 | Build | Palisade Wall |
| 13:31 | Build | Archery Range |
| 13:33 | Create | Villager (Male) |
| 13:36 | Create | Scout Cavalry |
| 13:45 | Create | Villager (Male) |
| 14:09 | Create | Villager (Male) |
| 14:22 | Build | Lumber Camp |
| 14:31 | Build | Farm |
| 14:31 | Build | Farm |
| 14:32 | Create | Villager (Male) |
| 14:39 | Build | Palisade Wall |
| 14:54 | Build | Palisade Wall |
| 14:58 | Create | Skirmisher |
| 14:59 | Create | Skirmisher |
| 15:05 | Build | Farm |
| 15:20 | Build | Palisade Wall |
| 15:24 | Create | Villager (Male) |
| 15:29 | Build | Farm |
| 15:30 | Build | Farm |
| 15:35 | Build | Palisade Wall |
| 15:38 | Create | Villager (Male) |
| 15:41 | Create | Skirmisher |
| 15:55 | Create | Skirmisher |
| 16:00 | Build | Building 800 |
| 16:07 | Build | Palisade Wall |
| 16:09 | Create | Villager (Male) |
| 16:11 | Create | Skirmisher |
| 16:19 | Build | Blacksmith |
| 16:27 | Create | Villager (Male) |
| 16:39 | Create | Villager (Male) |
| 16:42 | Build | Farm |
| 16:45 | Create | Skirmisher |
| 16:48 | Create | Villager (Male) |
| 17:06 | Research | Fletching |
| 17:08 | Create | Villager (Male) |
| 17:09 | Build | Farm |
| 17:31 | Create | Villager (Male) |
| 17:32 | Create | Skirmisher |
| 18:02 | Build | Mining Camp |
| 18:05 | Create | Villager (Male) |
| 18:20 | Create | Skirmisher |
| 18:20 | Create | Skirmisher |
| 18:37 | Create | Skirmisher |
| 18:47 | Create | Skirmisher |
Build order — B1SH0P
100 actions detected in the replay
| 0:00 | Create | Villager (Male) |
| 0:01 | Create | Villager (Male) |
| 0:01 | Create | Villager (Male) |
| 0:01 | Create | Villager (Male) |
| 0:01 | Create | Villager (Male) |
| 0:03 | Build | House |
| 0:07 | Build | House |
| 1:25 | Create | Villager (Male) |
| 1:50 | Build | Mill |
| 1:52 | Create | Villager (Male) |
| 1:53 | Create | Villager (Male) |
| 2:26 | Create | Villager (Male) |
| 2:55 | Create | Villager (Male) |
| 3:04 | Create | Villager (Male) |
| 3:04 | Create | Villager (Male) |
| 3:24 | Build | House |
| 3:38 | Create | Villager (Male) |
| 3:52 | Create | Villager (Male) |
| 4:06 | Create | Villager (Male) |
| 4:15 | Create | Villager (Male) |
| 4:15 | Create | Villager (Male) |
| 4:44 | Create | Villager (Male) |
| 5:42 | Create | Villager (Male) |
| 5:58 | Create | Villager (Male) |
| 5:58 | Create | Villager (Male) |
| 5:58 | Create | Villager (Male) |
| 6:02 | Build | Lumber Camp |
| 6:37 | Research | Loom |
| 6:37 | Research | Loom |
| 7:19 | Build | House |
| 7:23 | Research | Feudal Age |
| 8:13 | Build | Barracks |
| 8:50 | Build | Mining Camp |
| 9:08 | Build | House |
| 9:12 | Create | Militia |
| 9:12 | Create | Militia |
| 9:13 | Create | Militia |
| 9:20 | Build | Palisade Wall |
| 9:21 | Build | Palisade Wall |
| 9:36 | Create | Militia |
| 9:47 | Create | Villager (Male) |
| 9:52 | Build | Palisade Wall |
| 9:53 | Build | Palisade Wall |
| 9:54 | Build | Palisade Wall |
| 9:55 | Build | Palisade Wall |
| 9:57 | Age | Feudal Age |
| 9:59 | Build | Palisade Wall |
| 10:01 | Build | Palisade Wall |
| 10:06 | Research | Man-at-Arms (upgrade) |
| 10:07 | Create | Villager (Male) |
| 10:12 | Build | Archery Range |
| 10:36 | Create | Villager (Male) |
| 11:32 | Create | Spearman |
| 11:43 | Build | Archery Range |
| 11:51 | Create | Archer ×3 |
| 12:01 | Build | Palisade Wall |
| 12:02 | Build | Palisade Wall |
| 12:03 | Build | Palisade Wall |
| 12:04 | Create | Villager (Male) |
| 12:12 | Build | House |
| 12:34 | Create | Spearman |
| 12:54 | Build | House |
| 12:54 | Create | Villager (Male) |
| 12:58 | Create | Archer |
| 13:06 | Create | Villager (Male) |
| 13:07 | Create | Villager (Male) |
| 13:07 | Create | Villager (Male) |
| 13:16 | Create | Villager (Male) |
| 13:19 | Build | Farm |
| 13:19 | Build | Farm |
| 13:20 | Build | Farm |
| 13:20 | Build | Farm |
| 13:20 | Build | Farm |
| 13:36 | Build | House |
| 13:39 | Create | Archer ×3 |
| 14:00 | Create | Archer ×3 |
| 14:27 | Build | Farm |
| 14:27 | Build | Farm |
| 14:27 | Build | Farm |
| 14:27 | Build | Farm |
| 14:27 | Build | Farm |
| 14:50 | Build | Farm |
| 15:10 | Build | Lumber Camp |
| 15:11 | Create | Villager (Male) |
| 15:40 | Build | Farm |
| 15:44 | Create | Villager (Male) |
| 15:45 | Create | Villager (Male) |
| 15:53 | Build | Blacksmith |
| 16:08 | Build | House |
| 16:14 | Build | Farm |
| 16:17 | Build | Farm |
| 16:22 | Create | Archer ×3 |
| 16:32 | Build | Palisade Wall |
| 16:40 | Build | Palisade Wall |
| 16:48 | Create | Villager (Male) |
| 16:58 | Create | Archer ×4 |
| 17:08 | Create | Spearman |
| 17:09 | Create | Spearman |
| 17:55 | Create | Villager (Male) |
| 18:47 | Build | House |
Match timeline
| 7:47 | Rayyo50 · first_building Barracks |
| 8:13 | B1SH0P · first_building Barracks |
| 9:04 | Rayyo50 · age_up feudal |
| 9:05 | Rayyo50 · first_building Stable |
| 9:20 | B1SH0P · wall_segment Palisade Wall x1 |
| 9:21 | B1SH0P · wall_segment Palisade Wall x1 |
| 9:52 | B1SH0P · wall_segment Palisade Wall x1 |
| 9:53 | B1SH0P · wall_segment Palisade Wall x1 |
| 9:54 | B1SH0P · wall_segment Palisade Wall x1 |
| 9:55 | B1SH0P · wall_segment Palisade Wall x1 |
| 9:57 | B1SH0P · age_up feudal |
| 9:59 | B1SH0P · wall_segment Palisade Wall x1 |
| 10:01 | B1SH0P · wall_segment Palisade Wall x1 |
| 10:12 | B1SH0P · first_building Archery Range |
| 10:24 | Rayyo50 · wall_segment Palisade Wall x1 |
| 10:25 | Rayyo50 · wall_segment Palisade Wall x1 |
| 10:26 | Rayyo50 · wall_segment Palisade Wall x1 |
| 10:27 | Rayyo50 · wall_segment Palisade Wall x1 |
| 10:29 | Rayyo50 · wall_segment Palisade Wall x1 |
| 10:30 | Rayyo50 · wall_segment Palisade Wall x1 |
| 10:31 | Rayyo50 · wall_segment Palisade Wall x1 |
| 10:46 | Rayyo50 · wall_segment Palisade Wall x1 |
| 10:47 | Rayyo50 · wall_segment Palisade Wall x1 |
| 10:48 | Rayyo50 · wall_segment Palisade Wall x1 |
| 10:49 | Rayyo50 · wall_segment Palisade Wall x1 |
| 10:51 | Rayyo50 · wall_segment Palisade Wall x1 |
| 11:28 | Rayyo50 · wall_segment Palisade Wall x1 |
| 12:01 | B1SH0P · wall_segment Palisade Wall x1 |
| 12:02 | B1SH0P · wall_segment Palisade Wall x1 |
| 12:03 | B1SH0P · wall_segment Palisade Wall x1 |
| 13:25 | Rayyo50 · wall_segment Palisade Wall x1 |
| 13:26 | Rayyo50 · wall_segment Palisade Wall x1 |
| 13:31 | Rayyo50 · first_building Archery Range |
| 14:39 | Rayyo50 · wall_segment Palisade Wall x10 |
| 14:54 | Rayyo50 · wall_segment Palisade Wall x7 |
| 15:20 | Rayyo50 · wall_segment Palisade Wall x8 |
| 15:35 | Rayyo50 · wall_segment Palisade Wall x9 |
| 16:07 | Rayyo50 · wall_segment Palisade Wall x1 |
| 16:32 | B1SH0P · wall_segment Palisade Wall x1 |
| 16:40 | B1SH0P · wall_segment Palisade Wall x1 |
| 18:52 | B1SH0P · resign |
[ AI ANALYSIS · 1 CREDIT ]
What really happened in this match?
Wolo.gg analyzes every decision: build order, eco, micro, common mistakes by bracket. Personalized analysis on WhatsApp or Discord in 30 seconds.
Civ guide
Huns
Map guide
Arabia
Perfil
Rayyo50